 Dungeon Crawl Stone Soup version 0.17.0-26-gececa24 (webtiles) character file.

2293 inmateoo the Grave Robber (level 9, -1/45 HPs)
             Began as a Vine Stalker Necromancer on Nov 19, 2015.
             Was an Initiate of Gozag.
             Slain by a killer bee (2 damage)
             ... on level 7 of the Dungeon.
             The game lasted 00:10:32 (4922 turns).

inmateoo the Grave Robber (VSNe)                    Turns: 4922, Time: 00:10:33

Health: -1/45      AC:  4    Str: 11    XL:     9   Next: 40%
Magic:  0/17       EV: 14    Int: 18    God:    Gozag
Gold:   1145       SH:  0    Dex: 15    Spells: 2 memorised, 14 levels left

rFire  . . .     SeeInvis .     f - +2 short sword (elec)
rCold  . . .     Clarity  +     a - +0 robe
rNeg   . . .     SustAt   .     (no shield)
rPois  .         Gourm    .     (no helmet)
rElec  .         Spirit   +     r - +1 cloak
rCorr  .         Warding  .     (no gloves)
rMut   .         Stasis   .     (no boots)
MR     +....                    u - amulet of clarity
Stlth  +++.......               (no ring)
                                w - +4 ring of slaying

@: lethally poisoned (-1 -> -4), somewhat resistant to hostile enchantments,
fairly stealthy
A: fangs 3, regeneration 2, magic shield, antimagic bite, no device heal 3, rot
immunity
a: Potion Petition, Call Merchant, Bribe Branch, Renounce Religion


You were on level 7 of the Dungeon.
You worshipped Gozag.
Gozag was noncommittal.
You were not hungry.

You visited 1 branch of the dungeon, and saw 7 of its levels.

You collected 1145 gold pieces.

Inventory:

Hand Weapons
 e - a +1 dagger of venom
 f - a +2 short sword of electrocution (weapon)
 l - a +0 dagger of electrocution
Armour
 a - a +0 robe (worn)
 r - a +1 cloak (worn)
Jewellery
 u - an amulet of clarity (around neck)
 w - a +4 ring of slaying (left hand)
 x - an uncursed amulet of the gourmand {unknown}
Wands
 i - a wand of digging (7)
 E - a wand of flame (28)
Scrolls
 d - 3 scrolls of recharging
 h - a scroll of summoning
 s - a scroll of fear
 t - a scroll of fog
 v - a scroll of random uselessness {unknown}
 y - 2 scrolls of remove curse
 C - a scroll of blinking
 D - a scroll of amnesia
Potions
 g - 3 potions of lignification
 k - 2 potions of invisibility
 m - a potion of cure mutation
 n - a potion of haste
 o - 2 potions of curing
 p - a potion of cancellation
 q - a potion of brilliance
 z - a potion of heal wounds {unknown}
 B - 3 potions of magic {unknown}
Books
 b - a book of Necromancy

   Spells                             Type                      Level
   a - Pain                           Necromancy                   1
   b - Animate Skeleton               Necromancy                   1
   c - Vampiric Draining              Necromancy                   3
   d - Regeneration                   Charms/Necromancy            3
   e - Animate Dead                   Necromancy                   4
   f - Control Undead                 Necromancy                   4
Comestibles
 c - 3 bread rations
 j - 2 meat rations


   Skills:
 + Level 3.7 Fighting
 + Level 3.8 Short Blades
 + Level 4.1 Dodging
 + Level 6.6 Stealth
 + Level 5.1 Spellcasting
 * Level 7.7 Necromancy


You had 14 spell levels left.
You knew the following spells:

 Your Spells              Type           Power        Failure   Level  Hunger
a - Pain                  Necr           ####         1%          1    None
b - Regeneration          Chrm/Necr      ###.......   10%         3    ##.....


Dungeon Overview and Level Annotations

Branches:
Dungeon (7/15)             Temple (0/1) D:7

Altars:
Fedhas
Gozag
Makhleb


Innate Abilities, Weirdness & Mutations

You have razor-sharp teeth.
You heal very quickly.
When hurt, damage is shared between your health and your magic reserves.
Your bite disrupts and absorbs the magic of your enemies.
Potions and wands cannot restore your health.
You are immune to rotting.


Message History

The killer bee is moderately wounded.
You feel sick.
The killer bee is distracted by the nearby gold.
You miss the killer bee.
The killer bee is no longer distracted by gold.
The killer bee buzzes angrily.
The killer bee is moderately wounded.
You feel sick. The killer bee completely misses you.
The killer bee closely misses you.
You miss the killer bee. You bite the killer bee. You drain its power.
You feel invigorated.
The killer bee is heavily wounded.
You feel sick. The killer bee closely misses you. The killer bee misses you.
You hit the killer bee.
The killer bee is almost dead.
You feel sick. The killer bee stings you!
* * * LOW HITPOINT WARNING * * *
The killer bee stings you!
You die...
Your body crumbles into a pile of gold.

. #_####.#.
....###.###.####.##
.###.#.#.........##.##
# ........#.##..#.##.#
#. #..#...#.##...(...#
..#..#.....##.##.#####
.........##........#
#..##.#$$.####..#.###.#
#.....@.........#.###.#
#####y##........#..##.#
#. #........##..... #.
#............... #.
#............... #.
#........##..... #.
#...<.<..##..... ##
#.......[##....#
....#####.###...#


You could see a killer bee.

Vanquished Creatures
  2 ice beasts
  A water moccasin (D:5)
  3 ogres
  A sky beast (D:6)
  2 phantoms (D:6)
  Blork the orc (D:4)
  3 giant frogs
  2 scorpions (D:4)
  8 killer bees (D:7)
  3 crimson imps
  An iguana (D:3)
  Crazy Yiuf (D:3)
  2 jellies
  7 orc wizards
  An orc priest (D:6)
  4 hounds
  A worker ant (D:5)
  7 adders
  An adder zombie (D:6)
  2 adder skeletons
  4 worms
  2 giant geckos (D:4)
  17 orcs
  6 bats
  7 giant cockroaches
  12 goblins
  5 hobgoblins
  7 jackals
  6 kobolds
  3 quokkas
  3 ball pythons
  6 giant newts
  A jackal zombie (D:5)
  A quokka skeleton (D:5)
  14 rats
147 creatures vanquished.

Notes
Turn   | Place    | Note
--------------------------------------------------------------
     0 | D:1      | inmateoo the Vine Stalker Necromancer began the quest for the Orb.
     0 | D:1      | Reached XP level 1. HP: 9/9 MP: 4/4
   260 | D:1      | Reached XP level 2. HP: 13/13 MP: 6/6
   603 | D:1      | Reached XP level 3. HP: 16/16 MP: 7/7
   936 | D:2      | Found a faded altar to an unknown god.
   939 | D:2      | Reached XP level 4. HP: 17/21 MP: 6/8
   950 | D:2      | Became a worshipper of Gozag Ym Sagoz the Greedy
  1456 | D:3      | Learned a level 3 spell: Regeneration
  1486 | D:3      | Reached skill level 1 in Short Blades
  1486 | D:3      | Reached XP level 5. HP: 14/25 MP: 5/9
  1787 | D:3      | Noticed Crazy Yiuf
  1798 | D:3      | Killed Crazy Yiuf
  1954 | D:4      | Noticed an ogre
  1958 | D:4      | Killed an ogre
  1958 | D:4      | Reached skill level 1 in Fighting
  1958 | D:4      | Reached skill level 5 in Necromancy
  1958 | D:4      | Gained mutation: You heal very quickly. [Vine Stalker growth]
  1958 | D:4      | Reached XP level 6. HP: 30/30 MP: 9/11
  2103 | D:4      | Found a burning altar of Makhleb.
  2381 | D:4      | Noticed Blork the orc
  2389 | D:4      | Killed Blork the orc
  2389 | D:4      | Reached XP level 7. HP: 22/34 MP: 2/13
  2725 | D:5      | Entered Level 5 of the Dungeon
  2727 | D:5      | Reached skill level 6 in Necromancy
  2740 | D:5      | Reached skill level 5 in Stealth
  2842 | D:5      | Gained mutation: You have razor-sharp teeth. [Vine Stalker growth]
  2842 | D:5      | Reached XP level 8. HP: 26/39 MP: 9/14
  3829 | D:6      | Reached skill level 7 in Necromancy
  4152 | D:6      | Reached XP level 9. HP: 18/44 MP: 10/17
  4653 | D:7      | Found a staircase to the Ecumenical Temple.
  4833 | D:7      | Found a blossoming altar of Fedhas.
  4908 | D:7      | Reached skill level 5 in Spellcasting
  4922 | D:7      | HP: 1/45 [killer bee (3)]
  4922 | D:7      | Slain by a killer bee

Action                   |  1- 3 |  4- 6 |  7- 9 || total
-------------------------+-------+-------+-------++-------
Melee: Unarmed           |     6 |       |       ||     6
       Dagger            |    30 |       |       ||    30
       Short sword       |    26 |   106 |   257 ||   389
 Cast: Pain              |    18 |     4 |       ||    22
       Regeneration      |       |     1 |     3 ||     4
Evoke: Wand              |       |     2 |       ||     2
  Use: Scroll            |     8 |     5 |    10 ||    23
       Potion            |       |     1 |       ||     1
 Stab: Sleeping          |     5 |     5 |    15 ||    25
       Invisible         |       |     1 |       ||     1
       Distracted        |       |       |     1 ||     1
  Eat: Pizza             |       |     1 |     1 ||     2
       Beef jerky        |       |     2 |       ||     2
       Meat ration       |       |       |     1 ||     1
       Bread ration      |       |       |     1 ||     1
